 Dungeon Crawl Stone Soup version 0.31.0-1-g2c135a0 (webtiles) character file.

Game seed: 12913327526288938973

111660 mushindo the Covert (level 16, -10/96 HPs)
             Began as a Human Summoner on Apr 6, 2024.
             Was an Initiate of Gozag.
             Engulfed by Bai Suzhen's thunder (40 damage)
             ... on level 3 of the Swamp on Apr 8, 2024.
             The game lasted 13:27:10 (47651 turns).

mushindo the Covert (Human Summoner)               Turns: 47651, Time: 13:27:13

Health: -10/96     AC: 12    Str: 10    XL:     16   Next: 58%
Magic:  27/47      EV: 33    Int: 22    God:    Gozag
Gold:   3350       SH:  0    Dex: 18    Spells: 0/34 levels left

rFire   . . .        C - +9 staff of Olgreb {rPois∞}
rCold   + + +        (no shield)
rNeg    . . .        Y - +4 skin of Zhor {*Englaciate rC+++ SInv}
rPois   ∞            (no helmet)
rElec   .            S - scarf {repulsion}
rCorr   .            k - +2 pair of gloves
SInv    +            x - +2 pair of boots {Stlth+}
Will    +....        r - amulet of the acrobat
Stlth   ++++++       O - ring of magical power
HPRegen 0.36/turn    s - ring "Xoigus" {MP+9 Dex+4}
MPRegen 0.30/turn

%: repel missiles, acrobat
@: acrobatic
A: explore regen
a: Renounce Religion, Evoke the Staff of Olgreb, Potion Petition, Call Merchant,
Bribe Branch


You were on level 3 of the Swamp.
You worshipped Gozag.
Gozag was most pleased with you.
You visited 8 branches of the dungeon, and saw 29 of its levels.
You visited 1 bazaar.

You collected 8074 gold pieces.
You spent 4138 gold pieces at shops.
You paid 586 gold pieces to Gozag.

Inventory:

Hand Weapons
 a - a +2 spectral quarterstaff
 u - the +6 Majin-Bo {spellvamp, MP+6 Int+6}
   (You acquired it on level 2 of the Lair of Beasts)

   Int+6:     It affects your intelligence (+6).
   MP+6:      It affects your magic capacity (+6).
 B - the +4 sling "Cewyskou" {flame, rElec Int+3 SInv}
   (You bought it in a shop on level 9 of the Dungeon)

   Int+3:     It affects your intelligence (+3).
   rElec:     It insulates you from electricity.
   SInv:      It lets you see invisible.
 C - the +9 staff of Olgreb (weapon) {rPois∞}
   (You acquired it on level 1 of the Orcish Mines)

   Radiate:   It can be activated via the 'a'bility menu to radiate toxic
   energy, with effectiveness depending on Evocations skill.
   Alch:      It enhances your alchemy magic.
   rPois∞: It grants immunity to poison.
 F - the +8 whip "Snakebite" {venom, curare, rPois}
   (You took it off Amaemon on level 9 of the Dungeon)

   rPois:     It protects you from poison
 N - the +4 scimitar of Kismet {venom, rF- rN+++ Dex+3}
   (You found it on level 1 of the Depths)

   Dex+3:     It affects your dexterity (+3).
   rF-:       It makes you vulnerable to fire.
   rN+++:     It renders you almost immune to negative energy.
 V - a +4 antimagic spear
 W - the +7 trident of Taigof Zeut {venom, *Rage +Blink Int+2}
   (You found it on level 4 of the Lair of Beasts)

   Int+2:     It affects your intelligence (+2).
   +Blink:    It lets you blink.
   *Rage:     It berserks you when you make melee attacks (+20% chance).
 Z - the +7 spear of Sulphur {speed, rPois Dex+3}
   (You found it on level 7 of the Dungeon)

   Dex+3:     It affects your dexterity (+3).
   rPois:     It protects you from poison
Missiles
 D - 13 javelins
Armour
 c - a scarf of invisibility
 k - a +2 pair of gloves (worn)
 p - a +2 robe of willpower
 w - an orb of guile
 x - a +2 pair of boots of stealth (worn)
 K - a scarf of shadows
 S - a scarf of repulsion (worn)
 Y - the +4 skin of Zhor (worn) {*Englaciate rC+++ SInv}
   (You bought it in a shop in a bazaar)

   *Englaciate: It radiates cold, occasionally slowing all nearby creatures who
   are not resistant to cold.
   rC+++:     It renders you almost immune to cold.
   SInv:      It lets you see invisible.
Magical Staves
 n - a staff of conjuration
Jewellery
 e - a ring of resist corrosion
 g - a +6 ring of dexterity
 r - an amulet of the acrobat (around neck)
 s - the ring "Xoigus" (right hand) {MP+9 Dex+4}
   (You bought it in a shop on level 9 of the Dungeon)

   [ring of magical power]

   Dex+4:     It affects your dexterity (+4).
   MP+9:      It affects your magic capacity (+9).
 t - a ring of willpower
 O - a ring of magical power (left hand)
 P - a ring of protection from fire
Wands
 y - a wand of roots (15)
 G - a wand of paralysis (7)
 H - a wand of digging (6)
 Q - a wand of polymorph (5)
 X - a wand of flame (45)
Scrolls
 i - 3 scrolls of vulnerability
 o - 4 scrolls of torment
 z - 3 scrolls of amnesia
 E - 5 scrolls of enchant armour
 I - 5 scrolls of teleportation
 T - 2 scrolls of poison
Potions
 b - a potion of magic
 f - 3 potions of attraction
 h - 3 potions of enlightenment
 j - 7 potions of might
 l - 2 potions of haste
 m - 5 potions of berserk rage
 q - 3 potions of mutation
 v - 3 potions of brilliance
 A - 4 potions of lignification
 J - 3 potions of resistance
 M - 5 potions of cancellation
 R - 9 potions of curing
 U - 2 potions of ambrosia
Miscellaneous
 L - a lightning rod (4/4)


   Skills:
 + Level 10.5 Dodging
 + Level 11.5 Stealth
 + Level 9.7 Spellcasting
 + Level 8.6 Conjurations
 + Level 11.1 Summonings
 + Level 10.2 Translocations
 + Level 8.3 Fire Magic
 + Level 9.4 Air Magic
 + Level 8.5 Earth Magic
 + Level 8.6 Evocations


You couldn't memorise any spells.
You knew the following spells:

 Your Spells              Type           Power      Damage    Failure   Level
a - Summon Blazeheart Go  Fire/Summ      52%        N/A       1%          4
b - Teleport Other        Tloc           54%        N/A       1%          3
c - Call Imp              Summ           100%       N/A       1%          2
d - Call Canine Familiar  Summ           56%        N/A       1%          3
e - Blink                 Tloc           100%       N/A       1%          2
f - Summon Lightning Spi  Summ/Air       54%        N/A       1%          4
g - Stone Arrow           Conj/Erth      96%        3d13      1%          3
h - Bombard               Conj/Erth      24%        9d5       28%         6
i - Iskenderun's Mystic   Conj/Tloc      51%        2d11      1%          4
j - Gell's Gravitas       Tloc           54%        N/A       1%          3

Your spell library contained the following spells:

 Spells                   Type           Power      Damage    Failure   Level
 Magic Dart               Conj           100%       1d8       1%          1
 Sandblast                Erth           96%        2d20      1%          1
 Sting                    Conj/Alch      100%       1d9       1%          1
 Summon Small Mammal      Summ           100%       N/A       1%          1
 Lesser Beckoning         Tloc           100%       N/A       1%          2
 Mercury Vapours          Alch/Air       94%        N/A       1%          2
 Momentum Strike          Conj/Tloc      100%       3d10      1%          2
 Passwall                 Erth           48%        N/A       1%          3
 Brom's Barrelling Bould  Conj/Erth      48%        2d7       1%          4
 Passage of Golubria      Tloc           54%        N/A       1%          4
 Lee's Rapid Deconstruct  Erth           24%        3d13*     4%          5
 Dimensional Bullseye     Hex/Tloc       16%        N/A       8%          4
 Ensorcelled Hibernation  Hex/Ice        20%        N/A       10%         2
 Leda's Liquefaction      Alch/Erth      22%        N/A       11%         4
 Fugue of the Fallen      Necr           10%        N/A       19%         3
 Tukima's Dance           Hex            10%        N/A       19%         3
 Silence                  Hex/Air        15%        N/A       26%         5
 Anguish                  Hex/Necr       5%         N/A       52%         4
 Olgreb's Toxic Radiance  Alch           16%        N/A       52%         4
 Sculpt Simulacrum        Ice/Alch       8%         N/A       100%        6
 Ozocubu's Refrigeration  Ice            5%         4d8       100%        7
 Lehudib's Crystal Spear  Conj/Erth      24%        10d7      100%        8
 Polar Vortex             Ice            5%         N/A       100%        9


Dungeon Overview and Level Annotations

Branches:
Dungeon (15/15)            Temple (1/1) D:5            Lair (5/5) D:10
  Swamp (3/4) Lair:2        Snake (1/4) Lair:2        Slime (1/5) Lair:4
    Orc (2/2) D:9          Vaults (0/5) D:14         Depths (1/4) D:15
    Elf: Orc:2

Altars:
Ashenzari
Cheibriados
Dithmenos
Elyvilon
Fedhas
Gozag
Hepliaklqana
Kikubaaqudgha
Makhleb
Nemelex Xobeh
Okawaru
Qazlal
Ru
Sif Muna
Trog
Uskayaw
Vehumet
Wu Jian
Xom
Yredelemnul
Zin
The Shining One
Jiyva

Shops:
D:9 *   Orc:1 ?

Portals:
Trove: D:12 (give +7 demon whip)

Annotations:
D:3 1 runed translucent door, Crazy Yiuf
D:12 2 transporters
D:15 Louise
Swamp:1 Roxanne
Swamp:3 Bai Suzhen
Depths:1 Saint Roka


Innate Abilities, Weirdness & Mutations

You regain HP and MP as you explore.


Message History

Bai Suzhen claws you but does no damage.
Bai Suzhen barely misses you.
Casting: Iskenderun's Mystic Blast (mildly dangerous; 1% risk of failure)
Confirm with . or Enter, or press ? or * to list all spells.
You erupt in a blast of force!
The mystic blast hits Bai Suzhen.
Bai Suzhen is lightly wounded.
Bai Suzhen is knocked back by the mystic blast.
The goliath frog attacks as it pursues you!
The goliath frog barely misses you.
Casting: Iskenderun's Mystic Blast (mildly dangerous; 1% risk of failure)
Confirm with . or Enter, or press ? or * to list all spells.
An electric hum fills the air.
Your familiar recovers from its injuries.
Bai Suzhen breathes water at you. The torrent of water misses you.
The wave splashes down.
You enter the shallow water.
Moving in this stuff is going to be slow.
Your lightning spire shoots out a bolt of lightning at Bai Suzhen!
The bolt of electricity hits Bai Suzhen.
Bai Suzhen completely resists.
The bolt of electricity hits the goliath frog!
The goliath frog barely misses your lightning spire.
The goliath frog barely misses your lightning spire.
The goliath frog hits your lightning spire from afar.
Your lightning spire is splashed with acid!
The acid corrodes your lightning spire!
You radiate an aura of cold.
Bai Suzhen is unaffected.
Your lightning spire is unaffected.
The goliath frog seems to slow down.
The goliath frog hits your lightning spire from afar!!
Your lightning spire is splashed with acid.
Your lightning spire seems to be corroded for longer.
Casting: Summon Lightning Spire (mildly dangerous; 1% risk of failure)
Confirm with . or Enter, or press ? or * to list all spells.
You erupt in a blast of force!
The mystic blast hits Bai Suzhen but does no damage.
Bai Suzhen is lightly wounded.
You are engulfed in a thunderstorm.
You die...
Your body crumbles into a pile of gold.

~~~~.§§§~~~~~~..~..♣♣ ~
.~~...~~~~~~~~~§...~♣ ..
~...~.~~§~§.~~.~♣~~~♣♣ ~~?
♣§~§~.~♣~~~~...~§♣~~~♣ ~~~~
~~.§~.~.......§~§~~~~♣♣♣
♣≈≈~...♣♣.♣♣....##.#§§..♣~..♣♣
≈≈≈≈..♣♣♣..♣....#..#..#..♣~~.♣
≈≈≈♣§.(♣♣~...§§####F.....♣.♣♣
≈≈≈≈≈≈~...~...@D§§.§...#...~.♣
≈≈≈≈♣~~♣♣<...###§§§§8#.##...♣♣
≈≈≈≈.~♣ ♣♣....##~~♣.......~.♣
..≈~.♣ ♣♣~...)..♣♣♣........♣♣
.~.~~ ♣.~.)....♣♣♣..###....♣
.~~§ ♣...#..^♣♣♣~~.#...~.♣♣
~..~ ♣♣....#.♣ ♣♣....#.♣♣♣
♣♣.#.#.♣ ♣.......♣ ♣♣...♣♣
♣♣.~...♣♣


You could see Bai Suzhen (clouds, ally target), a goliath frog (distracted,
slow) and a friendly lightning spire (summoned, corroded).

Vanquished Creatures
  A thorn hunter (Swamp:2)
  2 eleionomae
  Fannar (D:10)
  5 hydras
  A death knight (D:15)
  An alligator (Swamp:1)
  A centaur warrior (D:14)
  A boulder beetle (D:14)
  A catoblepas (D:11)
  3 two-headed ogres
  8 death yaks (Lair:4)
  2 ghost crabs (Swamp:3)
  A naga warrior (Snake:1)
  A tengu warrior (D:15)
  An anaconda (Snake:1)
  Urug (Lair:2)
  An orc high priest (Depths:1)
  Amaemon (D:9)
  A goliath frog (Swamp:3)
  A skyshark (Lair:1)
  2 skeletal warriors (D:15)
  2 spriggan druids (Swamp:1)
  A lindwurm (shapeshifter) (D:15)
  An orc knight (Orc:2)
  A deep elf pyromancer (D:11)
  A cyclops (D:11)
  An oklob plant (Lair:3)
  An orc sorcerer (Depths:1)
  A manticore (D:14)
  3 ugly things
  Maurice (D:8)
  A meliai (D:14)
  3 black mambas (Snake:1)
  7 elephants
  4 torpor snails
  5 cane toads
  An orange demon (D:9)
  An efreet (D:13)
  A rime drake (Lair:2)
  5 komodo dragons
  2 unseen horrors
  A bloated husk (Swamp:1)
  A polar bear (Lair:5)
  A hornet (Swamp:3)
  A queen bee (D:14)
  2 trolls
  A polar bear (shapeshifter) (D:15)
  A tyrant leech (Swamp:1)
  8 blink frogs
  A dream sheep (Lair:5)
  A shadow (D:11)
  3 slime creatures
  3 water elementals (D:14)
  2 vampires (D:12)
  2 spriggans
  5 wyverns
  22 yaks
  Grum (D:9)
  An unseen horror simulacrum (D:9)
  A warg (Orc:1)
  5 swamp worms
  3 nagas (Snake:1)
  12 vampire mosquitoes
  2 water moccasins
  A black bear (D:5)
  7 orc warriors
  An ice beast (D:7)
  9 wolves
  A centaur (D:12)
  A phantom (D:5)
  A kobold brigand (D:10)
  7 bullfrogs
  4 wights
  7 killer bees
  6 electric eels
  A bombardier beetle (D:4)
  A jelly (D:6)
  An orc priest (D:11)
  Ijyb (D:3)
  2 orc wizards
  2 gnolls (D:4)
  An adder (D:4)
  20 orcs
  A ball python (D:2)
  A giant cockroach (D:1)
  A goblin (D:2)
  2 hobgoblins
  A jackal (D:3)
  2 bats
  6 kobolds
248 creatures vanquished.

Vanquished Creatures (collateral kills)
  A fenstrider witch (Swamp:2)
  An orc warlord (Orc:2)
  An eleionoma (Swamp:3)
  3 fire dragons
  A vault guard (D:14)
  A rakshasa (D:14)
  5 hydras
  A catoblepas (Lair:3)
  2 ghost crabs
  A two-headed ogre (D:8)
  A centaur warrior (D:14)
  3 boulder beetles
  3 death yaks
  A spriggan berserker (Depths:1)
  A shock serpent (Snake:1)
  2 skeletal warriors (D:15)
  3 goliath frogs
  A skyshark (Lair:2)
  A naga ritualist (Snake:1)
  4 bog bodies
  An orc sorcerer (Orc:2)
  3 oklob plants (Lair:3)
  3 deep elf pyromancers
  An orc knight (Orc:1)
  2 meliai (D:14)
  2 cyclopes
  An ugly thing (D:14)
  A manticore (D:14)
  3 elephants
  A guardian serpent (Snake:1)
  2 black mambas (Snake:1)
  3 salamanders
  A kobold blastminer (Orc:1)
  Maggie (Lair:2)
  A naga mage (Snake:1)
  9 cane toads
  6 rime drakes
  An efreet (D:11)
  5 komodo dragons
  Psyche (D:9)
  A troll (D:12)
  3 hornets
  4 tyrant leeches
  15 blink frogs
  7 dream sheep
  6 slime creatures
  2 centaur simulacra (D:13)
  27 yaks
  4 spriggans
  3 wyverns
  A vampire (D:12)
  6 basilisks
  2 wargs (Orc:2)
  Menkaure (D:7)
  10 vampire mosquitoes
  3 nagas
  9 swamp worms
  An acid dragon (D:14)
  5 water moccasins
  10 orc warriors
  A meliai simulacrum (D:13)
  A swamp drake (Swamp:1)
  2 ice beasts
  A sky beast (D:8)
  3 ogres
  10 wolves
  6 centaurs
  A phantom (D:4)
  4 kobold brigands
  18 bullfrogs
  2 gnoll sergeants
  A scorpion (Lair:3)
  11 wights
  11 killer bees
  3 howler monkeys
  A bombardier beetle (D:3)
  A jelly (D:8)
  10 orc priests
  An iguana (D:4)
  6 orc wizards
  7 gnolls
  6 adders
  A white imp (D:13)
  2 ufetubi (D:7)
  4 dart slugs
  56 orcs
  6 ball pythons
  4 endoplasms
  2 giant cockroaches
  3 goblins
  A hobgoblin (D:1)
  3 jackals
  2 nameless horrors
  2 quokkas
  3 bats
  A frilled lizard (D:1)
  20 kobolds
  11 rats
433 creatures vanquished.

Vanquished Creatures (others)
  A tyrant leech (Swamp:3)
  A bloated husk (Swamp:3)
  An orc wizard (Orc:1)
  71 blazeheart cores
74 creatures vanquished.

Grand Total: 755 creatures vanquished

Notes
Turn   | Place    | Note
-------+----------+-------------------------------------------
     0 | D:1      | mushindo the Human Summoner began the quest for the Orb.
     0 | D:1      | Reached XP level 1. HP: 13/13 MP: 3/3
   120 | D:1      | Reached XP level 2. HP: 13/19 MP: 0/5
  1078 | D:1      | Found a faded altar of an unknown god.
  1530 | D:2      | Reached XP level 3. HP: 24/24 MP: 3/6
  2241 | D:2      | Learned a level 3 spell: Teleport Other
  2244 | D:2      | Learned a level 2 spell: Call Imp
  2378 | D:3      | Reached XP level 4. HP: 30/30 MP: 4/7
  2651 | D:3      | Noticed Ijyb
  2653 | D:3      | Reached skill level 1 in Translocations
  3271 | D:3      | Killed Ijyb
  3272 | D:3      | Reached XP level 5. HP: 22/35 MP: 1/9
  3582 | D:3      | Found a runed translucent door.
  3583 | D:3      | Noticed Crazy Yiuf
  3651 | D:3      | Found a faded altar of an unknown god.
  3655 | D:3      | Found a glowing silver altar of Zin.
  3688 | D:3      | Learned a level 3 spell: Call Canine Familiar
  3810 | D:4      | Noticed a phantom
  3835 | D:4      | Killed a phantom
  3836 | D:4      | Reached XP level 6. HP: 36/41 MP: 2/10
  3936 | D:4      | Learned a level 2 spell: Blink
  4244 | D:4      | Found a blossoming altar of Fedhas.
  4253 | D:4      | Found a sacrificial altar of Ru.
  4256 | D:4      | Found a snail-covered altar of Cheibriados.
  4257 | D:4      | Found a glowing golden altar of the Shining One.
  4263 | D:4      | Found a hazy altar of Hepliaklqana.
  4687 | D:5      | Entered Level 5 of the Dungeon
  4690 | D:5      | Found a staircase to the Ecumenical Temple.
  4697 | D:5      | Noticed a black bear
  4700 | Temple   | Entered the Ecumenical Temple
  4743 | D:5      | Killed a black bear
  4744 | D:5      | Reached skill level 5 in Summonings
  5042 | D:5      | Reached XP level 7. HP: 46/46 MP: 4/12
  5560 | D:5      | Identified the +0 chain mail of Tehoh {rF++}
  5579 | D:5      | Found an opulent altar of Gozag.
  5589 | D:5      | Became a worshipper of Gozag Ym Sagoz the Greedy
  6027 | D:6      | Reached XP level 8. HP: 52/52 MP: 7/14
  6178 | D:6      | Learned a level 4 spell: Summon Lightning Spire
  6396 | D:6      | Reached skill level 1 in Air Magic
  6612 | D:6      | Reached skill level 5 in Stealth
  7207 | D:7      | Noticed Menkaure
  7295 | D:7      | Killed Menkaure
  7358 | D:7      | Noticed a wyvern
  7379 | D:7      | Killed a wyvern
  7380 | D:7      | Reached skill level 5 in Dodging
  7769 | D:7      | Reached XP level 9. HP: 57/57 MP: 13/16
  7893 | D:7      | Reached skill level 5 in Spellcasting
  8260 | D:6      | Learned a level 3 spell: Stone Arrow
  8295 | D:6      | Reached skill level 5 in Translocations
  8734 | D:7      | Found an ancient bone altar of Kikubaaqudgha.
  8868 | D:7      | Identified the +7 spear of Sulphur {speed, rPois Dex+3}
  9036 | D:8      | Found a basalt altar of Yredelemnul.
  9198 | D:8      | Noticed a two-headed ogre
  9830 | D:8      | Killed a two-headed ogre
  9831 | D:8      | Reached skill level 1 in Conjurations
  9831 | D:8      | Reached skill level 1 in Earth Magic
  9831 | D:8      | Reached skill level 1 in Evocations
  9831 | D:8      | Reached XP level 10. HP: 63/63 MP: 12/18
  9958 | D:8      | Noticed Maurice
 10079 | D:8      | Something stole the +7 spear of Sulphur {speed, rPois
                  | Dex+3}
 10082 | D:8      | Something stole 8 javelins
 10083 | D:8      | Something stole 93 gold
 10734 | D:8      | Found a shimmering blue altar of Sif Muna.
 11176 | D:9      | Found a stormy altar of Qazlal.
 11729 | D:9      | Noticed a tengu warrior
 11915 | D:9      | Noticed Amaemon
 12154 | D:9      | Learned a level 4 spell: Summon Blazeheart Golem
 12607 | D:9      | Noticed Psyche
 12867 | D:9      | Noticed Grum
 12871 | D:9      | Reached skill level 1 in Fire Magic
 12871 | D:9      | Killed Grum
 12881 | D:9      | Noticed an orange demon
 13021 | D:9      | Killed Psyche
 13034 | D:9      | Found a staircase to the Orcish Mines.
 13073 | D:9      | Killed an orange demon
 13074 | D:9      | Reached XP level 11. HP: 68/68 MP: 11/20
 13672 | D:10     | Entered Level 10 of the Dungeon
 14022 | D:10     | Reached skill level 5 in Air Magic
 14458 | D:10     | Found a hide-covered altar of Uskayaw.
 14492 | D:10     | Found a staircase to the Lair.
 14807 | D:10     | Noticed Fannar
 14838 | D:10     | HP: 1/68 [Fannar/+0 quarterstaff of freezing (24)]
 14853 | D:10     | Identified the +4 ring mail of Hopscotch {rC+ Will+ Dex+2}
 14940 | D:9      | Killed Amaemon
 15331 | D:10     | Found a broken altar of Ashenzari.
 15515 | D:11     | Noticed a two-headed ogre
 15586 | D:11     | Noticed a cyclops
 15601 | D:11     | Killed a cyclops
 15606 | D:11     | Killed a two-headed ogre
 15691 | D:10     | Killed Fannar
 16512 | D:11     | Noticed a deep elf pyromancer
 16578 | D:11     | Killed a deep elf pyromancer
 16929 | D:11     | Reached XP level 12. HP: 74/74 MP: 6/22
 17441 | D:11     | Noticed a catoblepas
 17679 | D:11     | Killed a catoblepas
 18102 | D:12     | Found a transporter.
 18210 | Lair:1   | Entered Level 1 of the Lair of Beasts
 18210 | Lair:1   | Found a gate leading to a gauntlet.
 19703 | Lair:1   | Noticed a skyshark
 19711 | Lair:1   | Killed a skyshark
 20265 | Lair:2   | Noticed a skyshark
 20267 | Lair:2   | Reached skill level 5 in Evocations
 20278 | Lair:2   | Killed a skyshark
 20339 | Lair:2   | Identified a scroll of acquirement
 20340 | Lair:2   | Acquired the +6 Majin-Bo {spellvamp, MP+6 Int+6}
 20340 | Lair:2   | Found the +6 Majin-Bo {spellvamp, MP+6 Int+6}
 20370 | Lair:2   | Found a staircase to the Swamp.
 20382 | Lair:2   | Reached skill level 5 in Conjurations
 20579 | Lair:2   | Noticed Maggie
 20752 | Lair:2   | Reached skill level 5 in Earth Magic
 21439 | Lair:2   | Noticed Urug
 21443 | Lair:2   | Killed Maggie
 21574 | Lair:2   | Killed Urug
 21575 | Lair:2   | Reached XP level 13. HP: 58/79 MP: 14/24
 22022 | Lair:2   | Learned a level 6 spell: Bombard
 22035 | Lair:2   | Found a staircase to the Snake Pit.
 23444 | Lair:3   | Reached skill level 5 in Fire Magic
 26167 | Lair:4   | Reached XP level 14. HP: 51/85 MP: 24/26
 26519 | Lair:4   | Identified the +7 trident of Taigof Zeut {venom, *Rage
                  | +Blink Int+2}
 26537 | Lair:4   | Found a staircase to the Slime Pits.
 26537 | Lair:4   | Found a viscous altar of Jiyva.
 27219 | Slime:1  | Entered Level 1 of the Pits of Slime
 27219 | Slime:1  | Noticed a rockslime
 27252 | Lair:5   | Entered Level 5 of the Lair of Beasts
 27670 | Lair:5   | Reached skill level 10 in Stealth
 27991 | Lair:5   | Found a frozen archway.
 28130 | Lair:5   | Reached skill level 10 in Summonings
 28785 | Lair:5   | Identified the +1 robe of Eternal Vigilance {Rampage rC-
                  | Dex+3 SInv}
 30970 | D:8      | Killed Maurice
 31230 | D:9      | Bought a scroll of identify for 54 gold pieces
 31230 | D:9      | Bought a scroll of identify for 54 gold pieces
 31230 | D:9      | Bought a transparent sling for 175 gold pieces
 31230 | D:9      | Identified the +4 sling "Cewyskou" {flame, rElec Int+3
                  | SInv} (You bought it in a shop on level 9 of the Dungeon)
 31230 | D:9      | Bought a wand of roots (3) for 194 gold pieces
 31230 | D:9      | Bought a brightly glowing carnelian ring for 135 gold
                  | pieces
 31230 | D:9      | Identified the ring "Xoigus" {MP+9 Dex+4} (You bought it in
                  | a shop on level 9 of the Dungeon)
 31230 | D:9      | Bought a scroll of fear for 108 gold pieces
 31230 | D:9      | Bought a bubbling purple potion for 24 gold pieces
 31343 | Orc:1    | Entered Level 1 of the Orcish Mines
 31429 | Orc:1    | Found Pafye's Magic Scroll Shop.
 31478 | Orc:1    | Bought a scroll of identify for 32 gold pieces
 31478 | Orc:1    | Bought a scroll of identify for 32 gold pieces
 31478 | Orc:1    | Bought a scroll of enchant weapon for 120 gold pieces
 31478 | Orc:1    | Bought a scroll of acquirement for 832 gold pieces
 31478 | Orc:1    | Bought 2 scrolls of amnesia for 128 gold pieces
 31478 | Orc:1    | Bought a scroll of enchant armour for 120 gold pieces
 31478 | Orc:1    | Bought a scroll of teleportation for 48 gold pieces
 31488 | Orc:1    | Acquired the +9 staff of Olgreb {rPois∞}
 31488 | Orc:1    | Found the +9 staff of Olgreb {rPois∞}
 31720 | Orc:2    | Entered Level 2 of the Orcish Mines
 31743 | Orc:2    | Noticed an orc warlord
 31766 | Orc:2    | Killed an orc warlord
 31793 | Orc:2    | Reached XP level 15. HP: 54/90 MP: 15/27
 32341 | D:12     | Found a transporter.
 33041 | D:12     | Identified the +5 chain mail of Makhleb, Inviting {rPois
                  | rCorr Int+4}
 33268 | D:12     | Found a portal to a secret trove of treasure.
 36800 | D:14     | Identified the +4 spear "Kerphuy" {freeze, rElec Str+3}
 37390 | D:14     | Found a gate to the Vaults.
 37645 | D:15     | Entered Level 15 of the Dungeon
 37658 | D:15     | Reached skill level 10 in Dodging
 38437 | D:15     | Noticed Louise
 38993 | D:15     | Found a gateway to a bazaar.
 39093 | D:15     | Found a staircase to the Depths.
 40385 | D:15     | Learned a level 4 spell: Passage of Golubria
 41352 | Bazaar   | Entered a bazaar
 41352 | Bazaar   | Found Nibroguw's Armour Shop.
 41352 | Bazaar   | Found Fiedashry's General Store.
 41352 | Bazaar   | Found Inimeiwk's Distillery.
 41352 | Bazaar   | Found Aqicluorph's Antique Weapon Shoppe.
 41357 | Bazaar   | Found Quiplock's Distillery.
 41364 | Bazaar   | Bought a scroll of identify for 36 gold pieces
 41364 | Bazaar   | Bought 2 scrolls of amnesia for 144 gold pieces
 41364 | Bazaar   | Bought a potion of heal wounds for 90 gold pieces
 41381 | Bazaar   | Bought a potion of brilliance for 32 gold pieces
 41381 | Bazaar   | Bought a potion of degeneration for 8 gold pieces
 41381 | Bazaar   | Bought a potion of haste for 80 gold pieces
 41381 | Bazaar   | Bought a potion of curing for 24 gold pieces
 41381 | Bazaar   | Bought a potion of haste for 80 gold pieces
 41409 | Bazaar   | Bought the +4 skin of Zhor {*Englaciate rC+++ SInv} for 598
                  | gold pieces
 41409 | Bazaar   | Found the +4 skin of Zhor {*Englaciate rC+++ SInv}
 41421 | Bazaar   | Bought a potion of attraction for 54 gold pieces
 41421 | Bazaar   | Bought a potion of heal wounds for 90 gold pieces
 41421 | Bazaar   | Bought a potion of berserk rage for 90 gold pieces
 41421 | Bazaar   | Bought a potion of magic for 144 gold pieces
 41421 | Bazaar   | Bought a potion of heal wounds for 90 gold pieces
 41421 | Bazaar   | Bought 2 potions of might for 144 gold pieces
 41421 | Bazaar   | Bought a potion of cancellation for 144 gold pieces
 41421 | Bazaar   | Bought a potion of cancellation for 144 gold pieces
 41421 | Bazaar   | Bought a potion of enlightenment for 90 gold pieces
 41619 | Depths:1 | Entered Level 1 of the Depths
 42036 | Depths:1 | Identified the +4 scimitar of Kismet {venom, rF- rN+++
                  | Dex+3}
 42159 | Depths:1 | Noticed Saint Roka
 42861 | Snake:1  | Entered Level 1 of the Snake Pit
 43012 | Snake:1  | Reached XP level 16. HP: 96/96 MP: 8/29
 43847 | Swamp:1  | Entered Level 1 of the Swamp
 44233 | Swamp:1  | You fall into a shaft and drop 1 floor!
 44233 | Swamp:2  | Noticed a fenstrider witch
 44242 | Swamp:2  | Killed a fenstrider witch
 44252 | Swamp:2  | Noticed a thorn hunter
 44266 | Swamp:2  | Killed a thorn hunter
 44267 | Swamp:2  | Reached skill level 10 in Translocations
 44806 | Swamp:1  | Noticed Roxanne
 45912 | Swamp:2  | Acquired 748 gold pieces
 46449 | Swamp:2  | Identified the +8 war axe "Jubliaxiosk" {pain, Dex+3}
 46487 | Swamp:3  | Noticed Bai Suzhen
 46524 | Swamp:2  | Learned a level 4 spell: Iskenderun's Mystic Blast
 46528 | Swamp:2  | Learned a level 3 spell: Gell's Gravitas
 47651 | Swamp:3  | Engulfed by Bai Suzhen's thunder

Illustrated notes

Levels and vault maps discovered:
D:1:      minmay_arrival_hallway, layout_basic,
          hellmonk_ecumenical_altar_leap_of_faith, minivault_26,
          kennysheep_boxes
D:2:      layout_loops_cross
D:3:      layout_rooms, nicolae_overflow_ecumenical_swirl,
          nicolae_underground_beach, uniq_ijyb, uniq_crazy_yiuf_cottage
D:4:      layout_cave_pools, nicolae_overflow_hallway_of_the_gods
D:5:      layout_basic, grunt_gozag_statues, minmay_temple_entry_gardened_gates,
          feat_on_display
D:6:      layout_cave_pods, nrook_campfire, small_statue_intersection
D:7:      layout_gridville, nicolae_kikubaaqudgha_miasma_corner,
          nicolae_tricolors, uniq_menkaure
D:8:      layout_loops_ring, mainiacjoe_overflow_boulevard,
          lemuel_blue_sif_altar, ebering_dispersal_statue_hall, uniq_maurice
D:9:      minmay_distorted_concentric_squares, layout_loops_ring,
          nicolae_qazlal_eye_of_the_storm, hiddenorc1_lemuel, uniq_amaemon,
          uniq_psyche, uniq_grum
D:10:     layout_rooms, ashenzari_conservatory_becter,
          nicolae_uskayaw_dance_hall, david_lair_shrubbed, columned_hall_lemuel,
          uniq_fannar
D:11:     minmay_tri_box, layout_cave_pools
D:12:     gammafunk_worm_tunnel, layout_loops_ring, nicolae_trove_entry_crystal
D:13:     layout_loops_corners, serial_ice, serial_ice_n, serial_ice_d,
          serial_ice_e, serial_ice_h
D:14:     layout_basic, david_vaults_5, minivault_7
D:15:     grunt_enter_depths_hoard, layout_long_grid, serial_shops,
          bzr_entry_lakeside, roderic_lattice_a, uniq_louise
Temple:   hellmonk_temple_rainy
Lair:1:   layout_small_grid, gauntlet_entry_generic, minmay_stone_trees_small
Lair:2:   beargit_carnivore_pack, layout_cave_pods, swamp_mist_pool,
          alex1729_snake_entry_snake, serial_bayou_shore_a, uniq_urug,
          uniq_maggie
Lair:3:   minmay_lair_oklob_tunnel, layout_gridlike,
          chequers_serial_rivers_large_b, serial_bayou_shore_b
Lair:4:   layout_regular_city, slime_entry_1, infiniplex_staircase_pool
Lair:5:   minmay_lair_end_frog_pond, layout_cave_pods, portal_ice_cave_rime,
          nicolae_quartered_pool_super, serial_bayou_shore_b
Swamp:1:  layout_basic_swamp, evilmike_swamp_ruin_wall,
          nicolae_swamp_tree_isthmus, uniq_roxanne
Swamp:2:  cheibrodos_swamp_tower_of_moss, layout_basic_swamp,
          nicolae_swamp_some_circles, nicolae_swamp_long_stream
Swamp:3:  layout_falls_marsh, evilmike_swamp_ruin_rubble_2, swamp_pool_1_2,
          uniq_bai_suzhen
Snake:1:  layout_concentric_octagons
Slime:1:  layout_caves, basic_altar
Orc:1:    layout_caves, serial_shops, nicolae_shop_stone
Orc:2:    grunt_orc_tribal_feast, layout_caves, basic_altar,
          nicolae_orc_damp_corner
Depths:1: layout_gridlike, hell_entry,
          hangedman_abyss_or_decor_jellyfish_corner, serial_bayou_pond_b,
          minmay_shop_mayhem, roderic_serpentine_path, minmay_shattered_shrine,
          minmay_shop_grove, uniq_saint_roka

Skill      XL: |  1  2  3  4  5  6  7  8  9 10 11 12 13 14 15 16 |
---------------+-------------------------------------------------+-----
Translocations | 1 2 3 4 5 6 7 8 9 10 | 10.2
Dodging        | 3 4 5 6 7 8 9 10 | 10.5
Stealth        | 3 4 5 6 7 8 9 10 11 | 11.5
Spellcasting   | 3 4 5 6 7 8 9 |  9.7
Summonings     | 5 6 7 8 9 10 11 | 11.1
Air Magic      | 2 4 5 6 7 8 9 |  9.4
Conjurations   | 1 2 4 5 6 7 8 |  8.6
Earth Magic    | 1 2 4 5 6 7 8 |  8.5
Evocations     | 1 3 4 5 6 7 8 |  8.6
Fire Magic     | 1 3 4 5 6 7 8 |  8.3

Action                     |  1- 3 |  4- 6 |  7- 9 | 10-12 | 13-15 | 16-18 || total
---------------------------+-------+-------+-------+-------+-------+-------++-------
  Melee: Unarmed           |     2 |       |       |       |       |       ||     2
         Short sword       |    25 |     2 |    31 |    69 |       |       ||   127
         Hand axe          |       |    33 |    37 |       |       |       ||    70
         Punch             |       |     1 |     1 |     2 |     1 |     1 ||     6
         Whip              |       |    10 |       |    40 |   133 |       ||   183
         Spear             |       |       |       |     7 |       |       ||     7
         Staff             |       |       |       |       |     2 |     4 ||     6
   Fire: Shortbow          |       |       |    16 |    31 |    18 |       ||    65
         Sling             |       |       |       |       |    12 |       ||    12
   Cast: Summon Small Mamm |    57 |    62 |    62 |    15 |       |       ||   196
         Call Imp          |     3 |    25 |    33 |    67 |    91 |    15 ||   234
         Call Canine Famil |       |    13 |    38 |    72 |   111 |    32 ||   266
         Summon Lightning  |       |       |    11 |    91 |   192 |    81 ||   375
         Blink             |       |       |     3 |       |     3 |     3 ||     9
         Stone Arrow       |       |       |     2 |    76 |   152 |    54 ||   284
         Summon Blazeheart |       |       |       |    19 |    92 |    22 ||   133
         Teleport Other    |       |       |       |     1 |       |     5 ||     6
         Bombard           |       |       |       |       |     4 |    12 ||    16
         Passage of Golubr |       |       |       |       |     2 |       ||     2
         Iskenderun's Myst |       |       |       |       |       |     8 ||     8
 Invoke: Call Merchant     |       |       |       |       |     1 |       ||     1
  Evoke: Wand              |       |     3 |     1 |     5 |    14 |    14 ||    37
    Use: Scroll            |       |     3 |     9 |    13 |    26 |     4 ||    55
         Potion            |       |       |       |     1 |    10 |     7 ||    18
   Stab: Distracted        |     2 |     4 |     2 |     5 |     6 |       ||    19
         Sleeping          |       |       |       |       |     1 |       ||     1
 Armour: Robe              |    37 |    40 |    71 |   166 |   235 |       ||   549
         Animal skin       |       |       |       |       |       |    86 ||    86
  Dodge: Dodged            |    48 |    56 |   103 |   296 |   422 |   123 ||  1048
         Repelled          |       |       |       |       |     9 |     9 ||    18
